Map: Stasis LE

Players

Ironface - Winner!

  • Race: Protoss Protoss
  • League: Diamond
  • Spawn Location: 11:00

Smileblind

  • Race: Protoss Protoss
  • League: Silver
  • Spawn Location: 1:00

VOD

Have the link to the VOD?

Description

Time

  • Played on: Jan. 10, 2019, 7:09 p.m.
  • Length: 4:06
Show
View Real Time Build Order
Export as new Build Order

Ironface Protoss - Winner!

Build Orders:  

Get SALT Encoding   

  12  0:02  Probe  
  13  0:14  Probe  
  14  0:21  Pylon  
  14  0:26  Probe  
  15  0:39  Gateway, Probe  
  16  0:45  Assimilator  
  16  0:51  Probe  
  17  1:03  Probe  
  18  1:10  Assimilator  
  18  1:15  Probe  
  19  1:22  Gateway  
  19  1:27  Cybernetics Core  
  19  1:28  Probe  
  20  1:40  Probe  
  20  1:41  Pylon  
  21  1:52  Probe  
  22  2:09  Stalker x2  
  23  2:25  Robotics Facility  
  23  2:32  Pylon  
  23  2:46  Stalker  
  25  2:53  Stalker  
  27  3:02  Probe  
  28  3:15  Immortal, Probe  
  28  3:17  Gateway  
  33  3:31  Probe  
  36  3:56  Pylon  
Show
View Real Time Build Order
Export as new Build Order

Smileblind Protoss 

Build Orders:  

Get SALT Encoding   

  12  0:02  Probe  
  13  0:14  Probe  
  14  0:21  Pylon  
  14  0:25  Probe  
  15  0:35  Probe  
  16  0:43  Probe  
  16  0:47  Forge  
  17  0:55  Probe  
  18  1:20  Pylon  
  18  1:24  Pylon  
  18  1:40  Photon Cannon  
  18  1:57  Pylon  
  18  2:00  Pylon  
  18  2:03  Pylon  
  18  2:06  Pylon  
  17  2:32  Photon Cannon  
  17  2:36  Photon Cannon  
  17  2:42  Photon Cannon  
  16  2:48  Probe  
  17  3:00  Probe  
  18  3:36  Photon Cannon  
  18  3:38  Gateway  
  18  3:53  Pylon  
Tags
 
Matchup
PvP
Spawn Locations
Close Positions
Add a new tag
Caveats
  • Supply blocks, unpowered buildings, or Contaminate may cause inaccurate times.
  • Supply counts are checked every 10 seconds.